 Dungeon Crawl Stone Soup version 0.25-a0-842-g81a31cfd23 (webtiles) character file.

Game seed: 5548422375101078849, levelgen mode: deterministic

77 Maedhros the Shield-Bearer (level 4, -1/31 HPs)
             Began as an Octopode Fighter on Apr 24, 2020.
             Slain by Grinder (4 damage)
             ... on level 3 of the Dungeon.
             The game lasted 00:01:24 (1115 turns).

Maedhros the Shield-Bearer (Octopode Fighter)       Turns: 1115, Time: 00:01:25

Health: -1/31      AC:  1    Str: 15    XL:     4   Next: 33%
Magic:  4/4        EV: 12    Int: 10    God:
Gold:   61         SH:  9    Dex: 12    Spells: 3/3 levels left

rFire    . . .     SeeInvis .   a - +0 trident
rCold    . . .     Gourm    .   b - +0 kite shield
rNeg     . . .     Faith    .   (helmet restricted)
rPois    .         Spirit   .   (no amulet)
rElec    .         Reflect  .   (no ring)
rCorr    .         Harm     .   (no ring)
MR       .....                  (no ring)
Stlth    ++........             (no ring)
HPRegen  0.10/turn              (no ring)
MPRegen  0.09/turn              (no ring)
                                (no ring)
                                (no ring)

@: hasted, very quick
A: almost no armour, stealthy swim, amphibious, 8 rings, constrict 8, camouflage
1, gelatinous body 1
a: no special abilities


You were on level 3 of the Dungeon.
You were hungry.

You visited 1 branch of the dungeon, and saw 3 of its levels.

You collected 61 gold pieces.

Inventory:

Hand Weapons
 a - a +0 trident (weapon)
Armour
 b - a +0 kite shield (worn)
Scrolls
 e - a scroll of amnesia {unknown}
 g - a scroll of enchant weapon {unknown}
 h - a scroll of enchant armour {unknown}
 l - 3 scrolls of remove curse {unknown}
 o - 2 scrolls of identify {unknown}
 p - 2 scrolls of teleportation {unknown}
Potions
 c - a potion of might
 f - a potion of lignification {unknown}
 i - 2 potions of haste
 j - a potion of magic {unknown}
 k - a potion of cancellation {unknown}
 m - a potion of brilliance {unknown}
 n - 2 potions of berserk rage {unknown}
 q - a potion of flight {unknown}
Comestibles
 d - 5 rations


   Skills:
 - Level 3.0 Fighting
 + Level 3.4 Polearms
 - Level 3.0 Dodging
 + Level 4.1 Shields


You had 3 spell levels left.
You didn't know any spells.
Your spell library was empty.

Dungeon Overview and Level Annotations

Branches:
Dungeon (3/15)

Altars:

Annotations:
D:3 Grinder


Innate Abilities, Weirdness & Mutations

You cannot wear most types of armour.
You are very stealthy in the water. (Stealth+)
You are amphibious.
You can wear up to eight rings at the same time.
You can use your tentacles to constrict eight enemies at once.
Your skin changes colour to match your surroundings (Stealth+).
Your rubbery body absorbs attacks. (AC +1, EV +1)


Message History

Grinder comes into view.
Found 9 gold pieces.
Grinder gestures at you. Pain shoots through your body!
Grinder is nearby!
Grinder is nearby!
You hit Grinder. You grab Grinder.
Grinder is lightly wounded.
You constrict Grinder. Grinder gestures at you. Pain shoots through your body!
* * * LOW HITPOINT WARNING * * *
Grinder is nearby!
You are too injured to fight recklessly!
Grinder is nearby!
It was a potion of haste.
You feel yourself speed up.
You constrict Grinder. Grinder hits you.
* * * LOW HITPOINT WARNING * * *
You writhe in agony.
You die...

##.....##.......
#...............
#...♣♣♣.♣.......
#...♣ ♣♣♣.♣♣♣...
##<.♣ ♣♣♣ ♣...
#...♣ ♣♣..
######...♣ ♣♣.
#..$....[♣ ..
#...@.#..♣
#...5.##..♣
#....###..♣
#..[.. ♣♣..
#....# ♣.♣
#....# .. #....#
#....#


You could see Grinder.

Vanquished Creatures
  Terence (D:3)
  An adder (D:2)
  2 dart slugs (D:1)
  2 leopard geckos (D:2)
  2 ball pythons
  4 goblins (D:1)
  3 hobgoblins (D:1)
  2 jackals (D:1)
  4 kobolds
  7 bats
  3 frilled lizards
  6 rats
37 creatures vanquished.

Notes
Turn   | Place    | Note
-------+----------+-------------------------------------------
     0 | D:1      | Maedhros the Octopode Fighter began the quest for the Orb.
     0 | D:1      | Reached XP level 1. HP: 16/16 MP: 1/1
   127 | D:1      | Reached XP level 2. HP: 19/21 MP: 2/2
   398 | D:1      | Reached XP level 3. HP: 24/26 MP: 3/3
   990 | D:3      | Noticed Terence
   996 | D:3      | Killed Terence
   996 | D:3      | Reached skill level 4 in Shields
   996 | D:3      | Reached XP level 4. HP: 18/31 MP: 4/4
  1109 | D:3      | Noticed Grinder
  1115 | D:3      | Slain by Grinder

Levels and vault maps discovered:
D:1:      minmay_arrival_up_and_down, layout_basic
D:2:      layout_rooms, gammafunk_temple_overflow_statue,
          lemuel_coloured_pillars_altar, lemuel_zombie_altar_yredelemnul,
          first_ration, serial_forest, infiniplex_forest_clump_small,
          infiniplex_forest_clump_long, infiniplex_forest_lined_corner,
          infiniplex_forest_clump_curved, infiniplex_forest_clump_large,
          infiniplex_forest_lined_room_, infiniplex_forest_straight_2,
          minmay_misc_feat_plants, nemelex_dance_club_becter
D:3:      layout_rooms, chequers_ecumenical_altar_grove, uniq_terence,
          uniq_grinder

Skill      XL: |  1  2  3 |
---------------+----------+-----
Polearms       | 3 |  3.4
Shields        | 4 |  4.1
Fighting       | |  3.0
Dodging        | |  3.0

Action                   |  1- 3 |  4- 6 || total
-------------------------+-------+-------++-------
Melee: Trident           |    75 |     5 ||    80
       Constrict         |    16 |     2 ||    18
       Tentacles         |     6 |       ||     6
  Use: Potion            |       |     1 ||     1
 Stab: Sleeping          |    16 |     1 ||    17
Armor: Skin              |     3 |       ||     3
Dodge: Dodged            |    17 |     2 ||    19
Block: Kite shield       |    18 |       ||    18

Table legend:
 A = Non-vault XP
 B = Vault XP
 C = Vault XP percentage of total XP
 D = Non-vault monster count
 E = Vault monster count
 F = Vault count percentage of total count
                 A         B        C        D         E       F
            +---------+---------+-------+---------+---------+-------
      Total |      74 |      36 |  32.7 |      36 |       1 |   2.7
            +---------+---------+-------+---------+---------+-------
        D:1 |      40 |       0 |   0.0 |      22 |       0 |   0.0
        D:2 |      31 |       0 |   0.0 |      11 |       0 |   0.0
        D:3 |       3 |      36 |  92.3 |       3 |       1 |  25.0
            +---------+---------+-------+---------+---------+-------
